 Dungeon Crawl Stone Soup version 0.31-a0-187-gba352fbbf7 (webtiles) character file.

Game seed: 8511351144617794950

11769 jlumianski the Transmogrifier (level 12, -14/78 HPs)
             Began as a Djinni Fire Elementalist on June 10, 2023.
             Was a Priest of Makhleb.
             Killed from afar by Lodul (33 damage)
             ... with a bolt of lightning
             ... on level 10 of the Dungeon on June 22, 2023.
             The game lasted 02:07:20 (14174 turns).

jlumianski the Transmogrifier (DjFE)               Turns: 14174, Time: 02:07:20

Health: -14/78     AC: 10    Str:  5 (7)  XL:     12   Next: 11%
Gold:   656        EV: 30    Int: 22      God:    Makhleb [***...] SH:  0 Dex: 13 (14)

rFire   + + .        k - +2 dagger (venom)
rCold   x . .        (no shield)
rNeg    + . .        G - +2 robe {rN+}
rPois   ∞            (helmet restricted)
rElec   .            O - +0 cloak
rCorr   .            w - +0 pair of gloves
SInv    .            (boots unavailable)
Will    +....        a - amulet of the acrobat
Stlth   +++          N - +4 ring of protection
HPRegen 0.33/turn    I - ring of wizardry
MPRegen 0.00/turn

%: acrobat, wizardry (x1), infuse magic (-15 HP)
@: acrobatic, flying, studying Transmutations
A: sickness immunity, fire resistance 2, cold vulnerability 1, float, innate
caster, HP casting, extra vitality 1, beak, deterioration 1, MP-powered wands
a: Renounce Religion, Minor Destruction, Lesser Servant of Makhleb


You were on level 10 of the Dungeon.
You worshipped Makhleb.
Makhleb was most pleased with you.
You visited 3 branches of the dungeon, and saw 13 of its levels.

You collected 810 gold pieces.
You spent 154 gold pieces at shops.

Inventory:

Hand Weapons
 k - a +2 dagger of venom (weapon)
 P - a +2 short sword of flaming
Missiles
 o - 4 javelins
 D - 2 throwing nets
 F - 2 boomerangs
 L - 6 poisoned darts
 Q - 2 curare-tipped darts
Armour
 w - a +0 pair of gloves (worn)
 G - a +2 robe of positive energy (worn)
 O - a +0 cloak (worn)
Magical Staves
 f - a staff of air
Jewellery
 a - an amulet of the acrobat (around neck)
 l - a ring of see invisible
 I - a ring of wizardry (right hand)
 N - a +4 ring of protection (left hand)
Wands
 C - a wand of polymorph (10)
 J - a wand of mindburst (10)
Scrolls
 d - a scroll of enchant weapon
 i - 4 scrolls of fog
 n - 3 scrolls of vulnerability
 s - 3 scrolls of poison
 x - a scroll of blinking
 A - a scroll of teleportation
Potions
 b - a potion of mutation
 c - 4 potions of heal wounds
 e - a potion of invisibility
 h - a potion of attraction
 j - a potion of cancellation
 m - 3 potions of might
 u - 4 potions of curing
 z - a potion of brilliance
 K - 2 potions of enlightenment


   Skills:
 + Level 4.2 Fighting
 + Level 4.9 Short Blades
 + Level 8.0 Dodging
 + Level 5.2 Stealth
 * Level 9.8 Spellcasting
 * Level 9.8 Conjurations
 * Level 9.8 Hexes
 * Level 9.8 Summonings
 * Level 9.8 Necromancy
 * Level 9.8 Translocations
 * Level 12.7 Transmutations
 * Level 9.8 Fire Magic
 * Level 9.8 Ice Magic
 * Level 9.8 Air Magic
 * Level 9.8 Earth Magic
 * Level 9.8 Poison Magic
 - Level 7.7 Invocations


You knew the following spells:

 Your Spells              Type           Power      Damage    Failure   Level
a - Foxfire               Conj/Fire      100%       2x1d9     1%          1
b - Scorch                Fire           100%       2d9       1%          2
c - Volatile Blastmotes   Fire/Tloc      100%       2d18      1%          3
d - Inner Flame           Hex/Fire       52%        N/A       1%          3
e - Flame Wave            Conj/Fire      52%        2d13      1%          4
f - Freeze                Ice            100%       1d10      1%          1
g - Passwall              Tmut/Erth      47%        N/A       1%          2
h - Swiftness             Air            52%        N/A       1%          3
i - Hailstorm             Conj/Ice       52%        3d12      1%          3
j - Iskenderun's Mystic   Conj/Tloc      52%        2d11      1%          4
Your spell library was empty.

Dungeon Overview and Level Annotations

Branches:
Dungeon (11/15)            Temple (1/1) D:5            Lair (1/5) D:8
    Orc (0/2) D:10

Altars:
Ashenzari
Cheibriados
Dithmenos
Elyvilon
Fedhas
Gozag
Hepliaklqana
Makhleb
Nemelex Xobeh
Okawaru
Qazlal
Ru
Trog
Uskayaw
Wu Jian
Xom
Yredelemnul
Zin
The Shining One

Shops:
D:6 !

Annotations:
D:10 Lodul
D:11 Josephine


Innate Abilities, Weirdness & Mutations

You are immune to sickness and miasma.
You are immune to poison.
Your flesh is very heat resistant. (rF++)
You are vulnerable to cold. (rC-)
You float through the air rather than walking.
You learn spells naturally, not from books.
Your magical power is your life essence.
You have superior vitality. (+4 MHP)
You have a beak for a mouth.
Your body sometimes deteriorates upon taking damage.
You expend health (3 HP) to strengthen your wands.


Message History

A cloud of volatile blastmotes flares up around you!
Electricity crackles from Lodul's apparatus.
The bolt of lightning hits you.
Electricity crackles from Lodul's apparatus.
The bolt of lightning misses you.
The cloud of blastmotes explodes!
The concussive blast engulfs the ogre!!
The ogre is burned terribly!
You kill the ogre!
Makhleb accepts your kill.
You feel better.
The concussive blast engulfs the ogre!
The ogre is heavily wounded.
Lodul drinks a potion.
Lodul seems to speed up.
Casting: Volatile Blastmotes (safe; 1% risk of failure)
Confirm with . or Enter, or press ? or * to list all spells.
A cloud of volatile blastmotes flares up around you!
The cloud of blastmotes explodes!
The concussive blast engulfs the ogre!
The ogre is almost dead.
Electricity crackles from Lodul's apparatus.
The bolt of lightning hits you!!
Electricity crackles from Lodul's apparatus.
The bolt of lightning misses you.
Casting: Volatile Blastmotes (safe; 1% risk of failure)
Confirm with . or Enter, or press ? or * to list all spells.
A cloud of volatile blastmotes flares up around you!
The ogre attacks as you move away! The ogre barely misses you.
Electricity crackles from Lodul's apparatus.
The bolt of lightning misses you.
The cloud of blastmotes explodes!
The concussive blast engulfs the ogre!
You kill the ogre!
Makhleb accepts your kill. The concussive blast engulfs you! You resist.
You are knocked back by the blast.
You hear a shout!
You feel your dexterity returning.
Electricity crackles from Lodul's apparatus.
The bolt of lightning hits you!!
* * * LOW HITPOINT WARNING * * *
Electricity crackles from Lodul's apparatus.
The bolt of lightning hits you!!
You die...

#.≈# #####..# #.
###..# #..# #.
#§≈~.# #..# #.
###≈.# #O.# #. #≈.≈
#..# #. #.≈≈# #O.#
#. #.~## #..# #.
#..########).# #.
#..@...O..O..######.
#.....>.............
####################


You could see Lodul (fast) and an ogre.

Vanquished Creatures
  A hydra (D:8)
  Pikel (D:7)
  An elephant (D:8)
  Joseph (D:7)
  Psyche (D:8)
  Grinder (D:3)
  2 dream sheep (D:8)
  Sigmund (D:3)
  2 shadows (D:9)
  2 wraiths (D:10)
  3 wyverns
  5 yaks (D:8)
  Grum (D:9)
  Eustachio (D:6)
  4 vampire mosquitoes (D:10)
  2 basilisks (D:8)
  A steam dragon (D:8)
  2 acid dragons
  A water moccasin (D:7)
  An orc warrior (D:9)
  An ice beast (D:6)
  3 sky beasts
  2 black bears
  4 centaurs
  8 ogres
  8 wolves
  4 lemures (D:7)
  A phantom (D:4)
  2 bullfrogs (D:8)
  3 kobold brigands (D:8)
  5 gnoll sergeants
  2 scorpions
  27 killer bees
  6 howler monkeys
  6 hounds
  A gnoll bouda (D:7)
  7 orc priests
  7 iguanas
  2 sleepcaps (D:4)
  Natasha (thrice) (D:3)
  9 orc wizards
  19 gnolls
  4 adders
  A shadow imp (D:7)
  2 white imps
  An ufetubus (D:6)
  3 worms
  A dart slug (D:1)
  21 orcs
  5 ball pythons
  5 endoplasms
  3 giant cockroaches
  9 goblins
  9 hobgoblins
  6 jackals (D:1)
  5 kobolds
  A quokka (D:4)
  4 bats
  6 frilled lizards
  5 orc zombies (D:10)
  5 rats
260 creatures vanquished.

Vanquished Creatures (others)
  256 foxfires
256 creatures vanquished.

Grand Total: 516 creatures vanquished

Notes
Turn   | Place    | Note
-------+----------+-------------------------------------------
     0 | D:1      | Reached skill level 3 in Transmutations
     0 | D:1      | jlumianski the Djinni Fire Elementalist began the quest for
                  | the Orb.
     0 | D:1      | jlumianski set off with the following spells memorised:
                  | Foxfire, Scorch, Volatile Blastmotes, Inner Flame, Flame
                  | Wave.
     0 | D:1      | Reached XP level 1. HP: 15/15 MP: 0/0
   107 | D:1      | Reached XP level 2. HP: 18/21 MP: 0/0
   604 | D:1      | Reached XP level 3. HP: 18/25 MP: 0/0
   604 | D:1      | Learned a level 1 spell: Freeze
   617 | D:1      | Upgraded the game from 0.31-a0-152-g6aa68a64a1 to
                  | 0.31-a0-177-g4aa6249778
   945 | D:1      | Upgraded the game from 0.31-a0-177-g4aa6249778 to
                  | 0.31-a0-187-gba352fbbf7
  1249 | D:3      | Reached XP level 4. HP: 22/31 MP: 0/0
  1848 | D:3      | Noticed Sigmund
  1963 | D:3      | Noticed Natasha
  1973 | D:3      | Killed Natasha
  1974 | D:3      | Reached XP level 5. HP: 31/36 MP: 0/0
  1974 | D:3      | Learned a level 2 spell: Passwall
  2069 | D:3      | Noticed Natasha
  2075 | D:3      | Killed Natasha
  2268 | D:3      | Killed Sigmund
  2269 | D:3      | Reached skill level 1 in Fighting
  2269 | D:3      | Reached skill level 1 in Short Blades
  2269 | D:3      | Reached skill level 4 in Transmutations
  2269 | D:3      | Reached XP level 6. HP: 38/42 MP: 0/0
  2309 | D:3      | Noticed Natasha
  2312 | D:3      | Killed Natasha
  2449 | D:3      | Gained mutation: Your body sometimes deteriorates upon
                  | taking damage. [potion of mutation]
  2449 | D:3      | Gained mutation: You have a beak for a mouth. [potion of
                  | mutation]
  2449 | D:3      | Gained mutation: You expend health (3 HP) to strengthen
                  | your wands. [potion of mutation]
  2527 | D:5      | Entered Level 5 of the Dungeon
  2538 | D:4      | Reached XP level 7. HP: 22/47 MP: 0/0
  2538 | D:4      | Learned a level 3 spell: Swiftness
  2648 | D:4      | Noticed Grinder
  2653 | D:4      | Paralysed by Grinder for 3 turns
  2694 | D:3      | Paralysed by Grinder for 4 turns
  2695 | D:3      | Killed Grinder
  3098 | D:4      | Reached XP level 8. HP: 49/52 MP: 0/0
  3223 | D:4      | Reached skill level 5 in Spellcasting
  3223 | D:4      | Reached skill level 5 in Conjurations
  3223 | D:4      | Reached skill level 5 in Hexes
  3223 | D:4      | Reached skill level 5 in Summonings
  3223 | D:4      | Reached skill level 5 in Necromancy
  3223 | D:4      | Reached skill level 5 in Translocations
  3223 | D:4      | Reached skill level 5 in Transmutations
  3223 | D:4      | Reached skill level 5 in Fire Magic
  3223 | D:4      | Reached skill level 5 in Ice Magic
  3223 | D:4      | Reached skill level 5 in Air Magic
  3223 | D:4      | Reached skill level 5 in Earth Magic
  3223 | D:4      | Reached skill level 5 in Poison Magic
  4161 | D:5      | Reached skill level 5 in Dodging
  4223 | D:5      | Reached skill level 6 in Transmutations
  4277 | D:5      | Found a staircase to the Ecumenical Temple.
  4297 | Temple   | Entered the Ecumenical Temple
  4311 | Temple   | Became a worshipper of Makhleb the Destroyer
  4731 | D:5      | Reached skill level 7 in Transmutations
  5113 | D:5      | Reached XP level 9. HP: 55/59 MP: 0/0
  5113 | D:5      | Learned a level 3 spell: Hailstorm
  5264 | D:6      | Found a hide-covered altar of Uskayaw.
  5264 | D:6      | Found a glowing golden altar of the Shining One.
  5293 | D:6      | Found Kiruf's Distillery.
  5293 | D:6      | Noticed Eustachio
  5297 | D:6      | Killed Eustachio
  5308 | D:6      | Bought a potion of curing for 33 gold pieces
  5308 | D:6      | Bought a potion of heal wounds for 55 gold pieces
  5308 | D:6      | Bought a potion of curing for 33 gold pieces
  5308 | D:6      | Bought a potion of curing for 33 gold pieces
  5430 | D:6      | Reached skill level 8 in Transmutations
  6411 | D:7      | Noticed Pikel
  6422 | D:7      | Killed Pikel
  6423 | D:7      | Reached skill level 9 in Transmutations
  6595 | D:7      | Found a snail-covered altar of Cheibriados.
  6612 | D:7      | Reached XP level 10. HP: 25/65 MP: 0/0
  6660 | D:7      | Reached * piety under Makhleb
  7477 | D:7      | Noticed Joseph
  7687 | D:7      | Killed Joseph
  7688 | D:7      | Reached skill level 10 in Transmutations
  8517 | D:8      | Noticed an elephant
  8534 | D:8      | Killed an elephant
  8535 | D:8      | Reached skill level 5 in Invocations
  8879 | D:8      | Reached skill level 11 in Transmutations
  8879 | D:8      | Reached XP level 11. HP: 24/71 MP: 0/0
  8879 | D:8      | Learned a level 4 spell: Iskenderun's Mystic Blast
  8896 | D:8      | Found a staircase to the Lair.
  8914 | Lair:1   | Entered Level 1 of the Lair of Beasts
  9157 | D:8      | Found a stormy altar of Qazlal.
  9157 | D:8      | Noticed Psyche
  9228 | D:8      | Paralysed by Psyche for 2 turns
  9231 | D:8      | Killed Psyche
  9308 | D:8      | Reached ** piety under Makhleb
  9961 | D:10     | Entered Level 10 of the Dungeon
  9961 | D:10     | Noticed Grum
 10313 | D:8      | Noticed a three-headed hydra
 10365 | D:8      | Reached skill level 5 in Stealth
 10549 | D:8      | Killed a three-headed hydra
 11159 | D:9      | Reached skill level 12 in Transmutations
 12014 | D:10     | Reached *** piety under Makhleb
 13290 | D:9      | Killed Grum
 13670 | D:10     | Reached XP level 12. HP: 63/78 MP: 0/0
 13943 | D:10     | Found a staircase to the Orcish Mines.
 14014 | D:11     | Noticed Josephine
 14155 | D:10     | Noticed Lodul
 14174 | D:10     | Killed from afar by Lodul

Illustrated notes

Levels and vault maps discovered:
D:1:      evilmike_arrival_hilbert_curve, layout_loops_ring
D:2:      layout_loops_ring, dk_vineyard_3, minmay_tiny_reverse_x
D:3:      layout_loops_ring, uniq_natasha, uniq_sigmund
D:4:      layout_basic, kennysheep_big_empty_room, minmay_manual_maat,
          uniq_grinder
D:5:      minmay_inner_zag, layout_basic, minmay_temple_entry_proselytizer
D:6:      layout_loops_cross, chequers_temple_overflow_statue_of_worship,
          serial_shops, kennysheep_little_box, uniq_eustachio
D:7:      kennysheep_six_static_rooms, layout_basic, amcnicky_altar_gilded,
          uniq_pikel, uniq_joseph
D:8:      layout_basic, nicolae_qazlal_scattered_showers, david_lair_generic,
          hangedman_ranch, uniq_psyche
D:9:      layout_irregular_city, kennysheep_generic_room_5
D:10:     layout_long_grid, zombieorc1_lemuel, chequers_serial_rivers_small_b,
          uniq_grum, uniq_erica, uniq_lodul
D:11:     layout_cave_pods, grunt_dithmenos_smoke_and_mirrors, uniq_josephine
Temple:   nicolae_temple_no_exploring_needed
Lair:1:   layout_small_grid, lemuel_fruit_tree

Skill      XL: |  1  2  3  4  5  6  7  8  9 10 11 12 |
---------------+-------------------------------------+-----
Spellcasting   | 4 6 7 8 9 |  9.8
Conjurations   | 4 6 7 8 9 |  9.8
Hexes          | 4 6 7 8 9 |  9.8
Summonings     | 4 6 7 8 9 |  9.8
Necromancy     | 4 6 7 8 9 |  9.8
Translocations | 4 6 7 8 9 |  9.8
Transmutations | 4 7 9 11 12 | 12.7
Fire Magic     | 4 6 7 8 9 |  9.8
Ice Magic      | 4 6 7 8 9 |  9.8
Air Magic      | 4 6 7 8 9 |  9.8
Earth Magic    | 4 6 7 8 9 |  9.8
Poison Magic   | 4 6 7 8 9 |  9.8
Stealth        | 2 3 4 5 |  5.2
Dodging        | 3 4 5 6 7 8 |  8.0
Fighting       | 1 2 3 4 |  4.2
Short Blades   | 1 2 3 4 |  4.9
Invocations    | 2 6 7 |  7.7

Action                     |  1- 3 |  4- 6 |  7- 9 | 10-12 || total
---------------------------+-------+-------+-------+-------++-------
  Melee: Dagger            |    17 |    39 |    62 |   237 ||   355
         Peck              |       |     1 |    12 |    44 ||    57
         Punch             |       |       |     1 |     3 ||     4
   Cast: Foxfire           |    38 |    29 |    46 |    31 ||   144
         Scorch            |     5 |     7 |    69 |    49 ||   130
         Freeze            |     1 |       |     8 |     7 ||    16
         Volatile Blastmot |       |     4 |    32 |    40 ||    76
         Swiftness         |       |       |     2 |     3 ||     5
         Flame Wave        |       |       |     1 |    18 ||    19
         Inner Flame       |       |       |     2 |     2 ||     4
         Hailstorm         |       |       |       |     9 ||     9
         Passwall          |       |       |       |     5 ||     5
         Iskenderun's Myst |       |       |       |    12 ||    12
 Invoke: Minor Destruction |       |       |       |     1 ||     1
    Use: Potion            |     2 |     2 |     2 |     3 ||     9
         Scroll            |       |       |     8 |     7 ||    15
   Stab: Sleeping          |     3 |     3 |     5 |     5 ||    16
         Distracted        |       |       |       |     1 ||     1
 Armour: Robe              |    10 |    23 |    18 |   122 ||   173
  Dodge: Dodged            |    27 |    34 |    97 |   344 ||   502

Table legend: (Time is in decaauts)
 A = Elapsed time spent in this place.
 B = Non-inter-level travel time spent in this place.
 C = Inter-level travel time spent in this place.
 D = Time resting spent in this place.
 E = Time spent auto-exploring this place.
 F = Levels seen in this place.
 G = Mean time per level.
                   A        B        C        D        E       F      G
               +--------+--------+--------+--------+--------+-----+--------+
         Total |  14119 |  13771 |    348 |   3111 |   6847 |  13 | 1086.1 |
       Dungeon |  13904 |  13556 |    348 |   2973 |   6847 |  11 | 1264.0 |
        Temple |    210 |    210 |      0 |    138 |      0 |   1 |  210.0 |
          Lair |      4 |      4 |      0 |      0 |      0 |   1 |    4.0 |
               +--------+--------+--------+--------+--------+-----+--------+

Top non-repeatable levels by time:
     D:8: 3105 daAuts
     D:9: 2299 daAuts
     D:7: 1378 daAuts
     D:4: 1259 daAuts
     D:6: 1238 daAuts
     D:1: 995 daAuts
     D:5: 975 daAuts
     D:3: 949 daAuts
     D:2: 864 daAuts
    D:10: 832 daAuts
  Temple: 210 daAuts
    D:11: 5 daAuts
  Lair:1: 4 daAuts
